 Dungeon Crawl Stone Soup version 0.31-a0-152-g6aa68a64a1 (webtiles) character file.

Game seed: 1153440810344512955

155 qw the Shooter (level 5, -6/32 HPs)
             Began as a Gargoyle Hunter on June 8, 2023.
             Mangled by an ice beast (11 damage)
             ... on level 3 of the Dungeon.
             The game lasted 00:00:58 (1809 turns).

qw the Shooter (Gargoyle Hunter)                    Turns: 1809, Time: 00:00:59

Health: -6/32      AC:  9    Str: 14    XL:     5   Next: 37%
Magic:  5/5        EV: 10    Int: 10    God:
Gold:   78         SH:  0    Dex: 15    Spells: 4/4 levels left

rFire   . . .        Y - +0 shortbow
rCold   . . .        (shield currently unavailable)
rNeg    + . .        d - +0 ring mail
rPois   inf          (no helmet)
rElec   +            (no cloak)
rCorr   .            (no gloves)
SInv    .            (no boots)
Will    .....        (no amulet)
Stlth   +            (no ring)
HPRegen 0.25/turn    (no ring)
MPRegen 0.09/turn

%: no passive effects
@: no status effects
A: sickness immunity, AC +4, negative energy resistance 1, electricity
resistance, torment resistance 1, petrification resistance
a: no special abilities


You were on level 3 of the Dungeon.
You visited 1 branch of the dungeon, and saw 3 of its levels.

You collected 78 gold pieces.


Innate Abilities, Weirdness & Mutations

You are immune to sickness and miasma.
Your stone body is resilient. (AC +4)
You are immune to poison.
You resist negative energy. (rN+)
You are resistant to electric shocks. (rElec)
You are resistant to unholy torment.
You are immune to petrification.


   Skills:
 + Level 3.2 Fighting
 - Level 6.0 Ranged Weapons
 - Level 1.0 Armour
 - Level 1.5 Dodging
 - Level 1.1 Stealth


You had 4 spell levels left.
You didn't know any spells.
Your spell library was empty.

Inventory:

Hand Weapons
 Y - a +0 shortbow (weapon)
Armour
 d - a +0 ring mail (worn)
Jewellery
 c - a ring of fire
 f - a ring of willpower
Potions
 a - 3 potions of degeneration {unknown}
 b - a potion of haste {unknown}
 e - a potion of resistance {unknown}
 h - a potion of cancellation {unknown}

Dungeon Overview and Level Annotations

Branches:
Dungeon (3/15)

Altars:

Annotations:
D:3 1 runed translucent door, Crazy Yiuf


Message History

Enter note:
Enter note:
Enter note:
Enter note:
Enter note:
Enter note: You shoot an arrow.
The arrow hits the worm!
The worm is heavily wounded.
A worm comes into view.
You shoot an arrow. The arrow hits the worm.
The worm is severely wounded.
You shoot an arrow. The arrow hits the worm!
You kill the worm!
You shoot an arrow.
The arrow hits the ice beast but does no damage.
You shoot an arrow.
The arrow hits the ice beast but does no damage.
You shoot an arrow. The arrow hits the ice beast.
The ice beast is lightly wounded.
The ice beast completely misses you.
You shoot an arrow. The arrow hits the ice beast.
The ice beast is moderately wounded.
The ice beast closely misses you. The ice beast hits you.
The ice beast freezes you!
You shoot an arrow. The arrow closely misses the ice beast.
The ice beast closely misses you.
You shoot an arrow. The arrow hits the ice beast.
The ice beast is moderately wounded.
The ice beast hits you. The ice beast freezes you!
You shoot an arrow. The arrow closely misses the ice beast.
The ice beast hits you but does no damage.
The worm barely misses you.
You shoot an arrow.
The arrow hits the ice beast but does no damage.
The ice beast is moderately wounded.
The ice beast hits you but does no damage.
You shoot an arrow. The arrow hits the ice beast.
The ice beast is heavily wounded.
The ice beast hits you. The ice beast freezes you!
You die...

# ###.#.#.).....# #
#.#.#.#..#....#.. ... #
#.#.#.#.......#.##..##
###.#.#..#)##...#.......
....#.##........#.......
................#.......
.##.##.###.##...#.......
.##.##..................
.##.####.#......@Y......
.##.# #.#.##.#.#w......
###.# .................
... .....##........##.
... ...######......# ...
... ..###..# ##.......#
#..## ... .........#
#....# .... ~~~~~....#
#....#


You could see an ice beast and a worm.

Vanquished Creatures
  An orc wizard (D:3)
  Terence (D:3)
  An adder (D:2)
  3 worms (D:3)
  2 dart slugs
  2 orcs (D:3)
  7 endoplasms
  A giant cockroach (D:2)
  6 goblins
  5 hobgoblins
  13 jackals
  11 kobolds
  3 quokkas
  6 ball pythons
  4 bats
  4 frilled lizards
  7 rats
77 creatures vanquished.

Notes
Turn   | Place    | Note
-------+----------+-------------------------------------------
     0 | D:1      | qw the Gargoyle Hunter began the quest for the Orb.
     0 | D:1      | Reached XP level 1. HP: 12/12 MP: 1/1
     0 | D:1      | 0 ||| qw: Version: 0.2-a-120-gdf1a93b
     0 | D:1      | 0 ||| qw: Game counter: 3132
     0 | D:1      | 0 ||| qw: Always use a shield: true
     0 | D:1      | 0 ||| qw: God list: Okawaru
     0 | D:1      | 0 ||| qw: Allow faded altars: false
     0 | D:1      | 0 ||| qw: Do Orc after D:15 true
     0 | D:1      | 0 ||| qw: Do second Lair branch before Depths: true
     0 | D:1      | 0 ||| qw: Lair rune preference: random
     0 | D:1      | 0 ||| qw: Plans: Normal
     0 | D:1      | 0 ||| PLANNING D:1-11
   103 | D:1      | Reached XP level 2. HP: 17/17 MP: 2/2
   109 | D:1      | Found a faded altar of an unknown god.
   331 | D:1      | Reached XP level 3. HP: 21/21 MP: 3/3
   570 | D:1      | Reached skill level 5 in Ranged Weapons
   606 | D:1      | 606 ||| UPGRADING to +0 ring mail.
   616 | D:1      | 616 ||| DROPPING +0 leather armour.
   617 | D:1      | 617 ||| READING scroll labelled FALLOGISSE.
   618 | D:1      | 618 ||| READING scroll labelled RUOTYNKYETS.
   619 | D:1      | 619 ||| READING scroll labelled FEEPNOCKEU.
   624 | D:1      | 624 ||| DROPPING scroll of butterflies.
   690 | D:2      | Reached skill level 1 in Armour
   904 | D:2      | Reached skill level 3 in Fighting
   904 | D:2      | Reached XP level 4. HP: 28/28 MP: 4/4
  1310 | D:2      | 1310 ||| READING scroll labelled KUOM JONIT.
  1311 | D:2      | 1311 ||| DRINKING 2 orange potions.
  1435 | D:3      | Noticed Terence
  1448 | D:3      | HP: 5/28 [Terence/+0 falchion (5)]
  1451 | D:3      | Killed Terence
  1592 | D:3      | Found a runed translucent door.
  1593 | D:3      | Noticed Crazy Yiuf
  1640 | D:3      | 1640 ||| FLEEEEING.
  1647 | D:3      | 1647 ||| DRINKING potion of curing.
  1647 | D:3      | 1647 ||| (to cure confusion)
  1648 | D:3      | 1648 ||| FLEEEEING.
  1650 | D:3      | 1650 ||| FLEEEEING.
  1651 | D:3      | 1651 ||| FLEEEEING.
  1652 | D:3      | 1652 ||| FLEEEEING.
  1653 | D:3      | 1653 ||| FLEEEEING.
  1654 | D:3      | 1654 ||| FLEEEEING.
  1655 | D:3      | 1655 ||| FLEEEEING.
  1656 | D:3      | 1656 ||| FLEEEEING.
  1659 | D:3      | Reached XP level 5. HP: 30/32 MP: 5/5
  1727 | D:3      | Reached skill level 6 in Ranged Weapons
  1797 | D:3      | Noticed an ice beast
  1806 | D:3      | HP: 8/32 [ice beast (12)]
  1809 | D:3      | Mangled by an ice beast

Levels and vault maps discovered:
D:1:      minmay_arrival_pointy, layout_basic,
          hellmonk_ecumenical_altar_arch_garden, minmay_shallow_snake_nest
D:2:      layout_basic
D:3:      wander_river, layout_basic, uniq_crazy_yiuf_cottage, uniq_jessica,
          uniq_terence, uniq_ijyb

Skill      XL: |  1  2  3  4  5 |
---------------+----------------+-----
Ranged Weapons | 5 6 |  6.0
Armour         | 1 |  1.0
Fighting       | 3 |  3.2
Dodging        | |  1.5
Stealth        | |  1.1

Action                     |  1- 3 |  4- 6 || total
---------------------------+-------+-------++-------
   Fire: Shortbow          |   126 |   136 ||   262
    Use: Scroll            |     3 |     1 ||     4
         Potion            |       |     2 ||     2
 Armour: Leather armour    |    20 |       ||    20
         Ring mail         |    20 |    27 ||    47
  Dodge: Dodged            |    38 |    28 ||    66

Table legend:
 A = Non-vault XP
 B = Vault XP
 C = Vault XP percentage of total XP
 D = Non-vault monster count
 E = Vault monster count
 F = Vault count percentage of total count
                 A         B        C        D         E       F
            +---------+---------+-------+---------+---------+-------
      Total |     182 |      40 |  18.0 |      73 |       4 |   5.2
            +---------+---------+-------+---------+---------+-------
        D:1 |      36 |       4 |  10.0 |      23 |       3 |  11.5
        D:2 |      67 |       0 |   0.0 |      31 |       0 |   0.0
        D:3 |      79 |      36 |  31.3 |      19 |       1 |   5.0
            +---------+---------+-------+---------+---------+-------
